 Dungeon Sprint DCSS version 0.21.0-24-g2553a33 (webtiles) character file.

163188 letownia2 the Axe Maniac (level 17, -4/181 (183) HPs)
             Began as a Deep Dwarf Skald on Jan 20, 2018.
             Was the Champion of Makhleb.
             Splashed by an acid blob's acid (12 damage)
             ... in the Dungeon (Sprint V: "Ziggurat Sprint").
             The game lasted 00:35:07 (2362 turns).

letownia2 the Axe Maniac (Deep Dwarf Skald)         Turns: 2362, Time: 00:35:08

HP:   -4/181 (183)  AC:  6    Str: 23    XL:     17   Next: 23%
MP:   35/38         EV: 14    Int: 20    God:    Makhleb [******]
Gold: 0             SH:  8    Dex: 16    Spells: 6/51 levels left

rFire    . . .     SeeInvis +   a - +9 executioner's axe (chop)
rCold    . . .     Gourm    .   (shield currently unavailable)
rNeg     + . .     Faith    .   k - +9 crystal plate armour
rPois    +         Spirit   .   l - +0 mask of the Dragon {MR+ Slay+3 SInv}
rElec    .         Reflect  +   Y - +1 cloak {rPois}
rCorr    .         Harm     .   (no gloves)
MR       +++..     NoTele   +   W - +2 pair of boots of the Harvest Moon {rPois Dex+2}
Stlth    ..........             V - brooch of Shielding {Reflect SH+8}
HPRegen  0.00/turn              R - ring "Boez" {Wiz Str+3 Dex+2}
MPRegen  0.26/turn              X - ring of the Nine Wars {EV+5 Int+4 SInv}

@: corroded, berserk cooldown, non-regenerating, mildly diseased, slowed, very
slow
A: damage resistance, heal wounds, negative energy resistance 1, sense
surroundings 2, subdued magic 1, MP-powered wands, no regeneration
a: Heal Wounds, Minor Destruction, Lesser Servant of Makhleb, Major Destruction,
Greater Servant of Makhleb, Renounce Religion


You were in the Dungeon.
You worshipped Makhleb.
Makhleb was exalted by your worship.
You were not hungry.

You visited 1 branch

Inventory:

Hand Weapons
 a - a +9 executioner's axe of chopping (weapon)
 b - the +9 heavy crossbow "Sniper" {velocity, Acc+∞ SInv}
   (You found it in the Dungeon)

   Any bolt fired from it inflicts extra damage.
   It lets you see invisible.
 d - a +5 vampiric executioner's axe
 s - the +7 great mace "Undeadhunter" {disrupt, rN+}
   (You found it in the Dungeon)

   It protects you from negative energy.
 t - the +7 sceptre of Torment
   (You found it in the Dungeon)
 F - the +10 dark maul {crush}
   (You found it in the Dungeon)

   It inflicts extra damage upon your enemies.
 S - the +8 lance "Wyrmbane" {slay drac, rPois rF+ rC+ AC+3}
   (You found it in the Dungeon)

   It affects your AC (+3).
   It protects you from fire.
   It protects you from cold.
   It protects you from poison.
Missiles
 u - 1029 bolts
Armour
 k - a +9 crystal plate armour (worn)
 l - the +0 mask of the Dragon (worn) {MR+ Slay+3 SInv}
   (You found it in the Dungeon)

   It affects your accuracy and damage with ranged weapons and melee attacks
   (+3).
   It affects your resistance to hostile enchantments.
   It lets you see invisible.
 W - the +2 pair of boots of the Harvest Moon (worn) {rPois Dex+2}
   (You found it in the Dungeon)

   It affects your dexterity (+2).
   It protects you from poison.
 Y - a +1 cloak of poison resistance (worn)
Magical Staves
 p - an uncursed staff of air
Jewellery
 c - an uncursed ring of protection from cold
 n - the ring of Mossext {*Contam Int+7 Stlth-}
   (You took it off an iron imp in the Dungeon)

   [ring of loudness]

   It affects your intelligence (+7).
   It causes magical contamination when unequipped.
   It makes you less stealthy.
 o - a ring of the Octopus King {rF+ AC+1 EV+1 Str+1 Int+1 Dex+1}
   (You found it in the Dungeon)

   [ring of protection from fire]

   It affects your AC (+1).
   It affects your evasion (+1).
   It affects your strength (+1).
   It affects your intelligence (+1).
   It affects your dexterity (+1).
   It protects you from fire.
 L - a +5 amulet of reflection
 N - the ring "Gexeddu" {*Corrode rElec Str+3 Slay+3 Stlth-}
   (You found it in the Dungeon)

   [ring of loudness]

   It affects your strength (+3).
   It affects your accuracy and damage with ranged weapons and melee attacks
   (+3).
   It insulates you from electricity.
   It may corrode you when you take damage.
   It makes you less stealthy.
 O - the ring of Iffod {Fire rElec rN++ Int+2 SInv}
   (You found it in the Dungeon)

   [ring of fire]

   It enhances your fire magic.
   It affects your intelligence (+2).
   It protects you from fire.
   It makes you vulnerable to cold.
   It insulates you from electricity.
   It greatly protects you from negative energy.
   It lets you see invisible.
 P - a +6 ring of strength
 Q - the ring of Greed {rPois Int+7}
   (You found it in the Dungeon)

   [ring of poison resistance]

   It affects your intelligence (+7).
   It protects you from poison.
 R - the ring "Boez" (left hand) {Wiz Str+3 Dex+2}
   (You found it in the Dungeon)

   [ring of wizardry]

   It improves your spell success rate.
   It affects your strength (+3).
   It affects your dexterity (+2).
 V - the brooch of Shielding (around neck) {Reflect SH+8}
   (You found it in the Dungeon)

   [amulet of reflection]

   It shields you and reflects attacks.
   It affects your SH (+8).
 X - the ring of the Nine Wars (right hand) {EV+5 Int+4 SInv}
   (You found it in the Dungeon)

   [ring of evasion]

   It affects your evasion (+5).
   It affects your intelligence (+4).
   It lets you see invisible.
 Z - an uncursed ring of resist corrosion
Wands
 I - a wand of disintegration (7)
 J - a wand of iceblast (7)
 K - a wand of acid (7)
Scrolls
 j - 4 scrolls of blinking
 m - 2 scrolls of brand weapon
 w - 4 scrolls of amnesia
 x - 6 scrolls of fog
 y - 2 scrolls of holy word
 z - 5 scrolls of identify
 A - 5 scrolls of remove curse
 B - 2 scrolls of fear
Potions
 e - 3 potions of curing
 f - 17 potions of heal wounds
 g - 12 potions of haste
 h - 7 potions of magic
 i - 2 potions of berserk rage
 C - 2 potions of brilliance
 D - a potion of invisibility
 E - 3 potions of resistance
 G - 4 potions of agility
 H - 6 potions of might
Books
 r - a Necronomicon

   Spells                             Type                      Level
   a - Haunt                          Necromancy/Summoning         7
   b - Borgnjor's Revivification      Necromancy                   8
   c - Death's Door                   Charms/Necromancy            8
   d - Infestation                    Necromancy                   8
   e - Necromutation                  Transmutation/Necromancy     8
Miscellaneous
 q - a lightning rod (4/4)
 v - 5 boxes of beasts
 T - a lamp of fire
 U - 6 phantom mirrors
Comestibles
 M - 6 rations


   Skills:
 - Level 19.5 Fighting
 O Level 27 Axes
 - Level 4.6(17.9) Maces & Flails
 - Level 25.4 Crossbows
 - Level 20.1 Armour
 - Level 4.8 Dodging
 + Level 17.7 Spellcasting
 + Level 13.0 Charms
 + Level 18.1 Necromancy
 - Level 9.4 Translocations
 - Level 5.1 Evocations


You had 6 spell levels left.
You knew the following spells:

 Your Spells              Type           Power        Failure   Level  Hunger
a - Infusion              Chrm           ####         1%          1    None
b - Blink                 Tloc           N/A          1%          2    None
c - Shroud of Golubria    Chrm/Tloc      #####.....   1%          2    None
d - Death's Door          Chrm/Necr      ######....   89%         8    #######
e - Ignite Poison         Fire/Tmut/Pois ##......     50%         3    None
i - Silence               Hex/Air        ##........   99%         5    ##.....
l - Song of Slaying       Chrm           ######..     1%          2    None
n - Necromutation         Tmut/Necr      #####.....   100%        8    #######
o - Ring of Flames        Chrm/Fire      ####......   100%        7    ######.
r - Deflect Missiles      Chrm/Air       ####......   89%         6    ####...
z - Summon Butterflies    Summ           ##......     21%         1    None


Dungeon Overview and Level Annotations

Branches:
Dungeon (1/1)

Altars:
Ashenzari
Cheibriados
Dithmenos
Elyvilon
Fedhas
Gozag
Hepliaklqana
Kikubaaqudgha
Makhleb
Nemelex Xobeh
Okawaru
Qazlal
Ru
Sif Muna
Trog
Uskayaw
Vehumet
Wu Jian
Xom
Yredelemnul
Zin
The Shining One
Beogh
Jiyva
Lugonu

Annotations:
D 1 transporter


Innate Abilities, Weirdness & Mutations

You are resistant to damage.
You can heal yourself by infusing magical energy.
You resist negative energy. (rN+)
You passively map the area around you.
You do not regenerate.
Your spells are a little easier to cast, but a little less powerful.
You expend magic power (3 MP) to strengthen your wands.


Message History

The splash of acid hits you!
* * * LOW HITPOINT WARNING * * *
The acid corrodes you!
You are splashed with acid!
The acid burns!
* * * LOW HITPOINT WARNING * * *
The death ooze hits your juvenile shockbat beast but does no damage. x2
Unknown command.
Unknown command.
Unknown command.
Your juvenile shockbat beast hits the death ooze!
Your larval weirdfire beast breathes flames at the death ooze.
The blast of flame hits the death ooze.
The death ooze hits your larval weirdfire beast.
The death ooze hits your larval weirdfire beast!!
Your larval weirdfire beast dies!
Your larval weirdfire beast's corpse disappears in a puff of smoke!
The acid blob spits acid at you. The splash of acid hits you!
* * * LOW HITPOINT WARNING * * *
You are splashed with acid!
The acid burns!
You die...

▓............(....▓
▓.................▓
▓.................▓
▓.................▓
▓.................▓
▓.................▓
▓.H..▓.......▓....▓
▓...▓▓▓(....▓▓▓...▓
▓.@J.▓.......▓....▓
▓..§J.............▓
▓.................▓
▓........©........▓
▓▓▓▓▓▓▓▓▓▓▓▓▓▓▓▓▓▓▓


You could see an acid blob, a death ooze (unaware) and a friendly juvenile
shockbat beast.

Vanquished Creatures
  A bone dragon (D)
  5 quicksilver dragons (D)
  A pandemonium lord (D)
  8 acid blobs (D)
  4 deep elf blademasters (D)
  3 tentacled starspawn (D)
  4 deep elf master archers (D)
  10 azure jellies (D)
  3 deep elf sorcerers (D)
  2 frost giants (D)
  2 iron dragons (D)
  A ghost moth (D)
  2 emperor scorpions (D)
  An orc warlord (D)
  2 deep elf elementalists (D)
  3 stone giants (D)
  A deep elf demonologist (D)
  An entropy weaver (D)
  5 deep elf annihilators (D)
  2 merfolk javelineers (D)
  2 crystal guardians (D)
  A mummy priest (D)
  11 death oozes (D)
  A merfolk impaler (D)
  7 deep elf high priests (D)
  2 hydras (D)
  8 great orbs of eyes (D)
  A naga warrior (D)
  3 anacondas (D)
  2 two-headed ogres (D)
  A death scarab (D)
  A satyr (D)
  4 dancing weapons (D)
  A hell hog (D)
  A thrashing horror (D)
  3 deep elf knights (D)
  2 wretched stars (D)
  7 iron golems (D)
  A wizard (D)
  A glowing orange brain (D)
  2 deep elf archers (D)
  3 orb spiders (D)
  A wolf spider (D)
  2 orc knights (D)
  4 draconians (D)
  2 orc sorcerers (D)
  5 deep elf magi (D)
  3 moths of wrath (D)
  2 manticores (D)
  3 shining eyes (D)
  2 elephants (D)
  A merfolk siren (D)
  4 large abominations (D)
  3 guardian serpents (D)
  2 black mambas (D)
  A toenail golem (D)
  3 naga magi (D)
  2 smoke demons (D)
  A water nymph (D)
  4 eyes of devastation (D)
  A gargoyle (D)
  4 spiny frogs (D)
  An efreet (D)
  2 komodo dragons (D)
  2 demonic crawlers (D)
  A guardian mummy (D)
  5 trolls (D)
  A hellwing (D)
  7 merfolk (D)
  6 hornets (D)
  3 jumping spiders (D)
  2 raiju (D)
  17 slime creatures (D)
  A hippogriff (D)
  A snapping turtle (D)
  A flying skull (D)
  4 water elementals (D)
  7 redbacks (D)
  A tarantella (D)
  A ynoxinul (D)
  A yak (D)
  5 golden eyes (D)
  2 ushabtiu (D)
  A basilisk (D)
  A neqoxec (D)
  2 fire elementals (D)
  A naga (D)
  6 water moccasins (D)
  2 orc warriors (D)
  2 porcupines (D)
  2 eyes of draining (D)
  2 phantoms (D)
  18 starcursed masses (D)
  4 ogres (D)
  2 necrophages (D)
  A centaur (D)
  5 crocodiles (D)
  5 bullfrogs (D)
  2 small abominations (D)
  9 earth elementals (D)
  A wight (D)
  3 quasits (D)
  9 jellies (D)
  3 iron imps (D)
  2 mummies (D)
  3 adders (D)
  4 white imps (D)
  2 ufetubi (D)
  4 oozes (D)
  2 adder skeletons (D)
  2 bat skeletons (D)
  A bat zombie (D)
  9 ball pythons (D)
  A ball python zombie (D)
  A leopard gecko skeleton (D)
  A leopard gecko zombie (D)
  A quokka skeleton (D)
  A quokka zombie (D)
  A crawling corpse (D)
  A lurking horror (D)
  8 starspawn tentacles (D)
372 creatures vanquished.

Vanquished Creatures (collateral kills)
  A jelly (D)
1 creature vanquished.

Vanquished Creatures (others)
  A deep elf sorcerer (D)
  A deep elf annihilator (D)
  A deep elf high priest (D)
  A two-headed ogre (D)
  A harpy (D)
  2 starspawn tentacles (D)
7 creatures vanquished.

Grand Total: 380 creatures vanquished

Notes
Turn   | Place    | Note
-------+----------+-------------------------------------------
     0 | D        | Found the +6 Majin-Bo {vamp, Archmagi MP+6 Int+6}
     0 | D        | Found the +7 great mace "Firestarter" {inner flame, rF++}
     0 | D        | letownia2 the Deep Dwarf Skald began the quest for the Orb.
     0 | D        | Reached XP level 1. HP: 19/19 MP: 3/3
     5 | D        | Found a blossoming altar of Fedhas.
     6 | D        | Found a viscous altar of Jiyva.
     6 | D        | Found a hazy altar of Hepliaklqana.
     6 | D        | Found a transporter.
     6 | D        | Found an opulent altar of Gozag.
     6 | D        | Found an ancient bone altar of Kikubaaqudgha.
     6 | D        | Found a corrupted altar of Lugonu.
    26 | D        | Found a burning altar of Makhleb.
    27 | D        | Found a stormy altar of Qazlal.
    27 | D        | Found a sacrificial altar of Ru.
    27 | D        | Found an iron altar of Okawaru.
    27 | D        | Found a deep blue altar of Sif Muna.
    27 | D        | Found a sparkling altar of Nemelex Xobeh.
    27 | D        | Found a bloodstained altar of Trog.
    47 | D        | Found the +9 heavy crossbow "Sniper" {velocity, Acc+∞ SInv}
    47 | D        | Found the +10 dark maul {crush}
    47 | D        | Found the +15 Maxwell's patent armour {-Cast -Tele rElec MR+ rCorr}
    47 | D        | Found the +18 shield of the Gong {rElec rN+ MR+ EV-5}
    47 | D        | Found the cursed +14 obsidian axe {chop, +Fly SInv *Curse}
    48 | D        | Found the +6 shillelagh "Devastator" {shatter}
    48 | D        | Found the +11 plutonium sword {*Contam Stlth-}
    48 | D        | Found the +8 lance "Wyrmbane" {slay drac, rPois rF+ rC+ AC+3}
    48 | D        | Found the +9 sword of Zonguldrok {reap}
    48 | D        | Found the cursed +13 scythe of Curses {drain, *Curse}
    48 | D        | Found the +0 sword of Power
    48 | D        | Found the +16 mace of Variability {chaos}
    48 | D        | Found the +7 Singing Sword
    48 | D        | Found the +7 longbow "Piercer" {penet, EV-2}
    72 | D        | Reached skill level 8 in Axes
    72 | D        | Reached XP level 2. HP: 26/26 MP: 4/4
    81 | D        | Became a worshipper of Makhleb the Destroyer
   103 | D        | Entered arena 2.
   103 | D        | Found a transporter.
   120 | D        | Entered arena 3.
   120 | D        | Found a transporter.
   126 | D        | Reached * piety under Makhleb
   126 | D        | Reached skill level 9 in Axes
   126 | D        | Reached XP level 3. HP: 34/34 MP: 5/5
   126 | D        | Reached XP level 4. HP: 43/43 MP: 6/6
   144 | D        | Entered arena 4.
   144 | D        | Found a transporter.
   147 | D        | Reached ** piety under Makhleb
   158 | D        | Got the +2 pair of boots of the Harvest Moon {rPois Dex+2}
   165 | D        | Got the +7 hunting sling of False Accusations {velocity, +Inv rElec}
   172 | D        | Entered arena 5.
   172 | D        | Noticed a draconian
   172 | D        | Noticed a draconian
   172 | D        | Noticed a draconian
   172 | D        | Noticed a draconian
   172 | D        | Found a transporter.
   189 | D        | Killed a draconian
   189 | D        | Reached *** piety under Makhleb
   189 | D        | Reached skill level 11 in Axes
   189 | D        | Reached XP level 5. HP: 20/57 MP: 7/7
   189 | D        | Reached XP level 6. HP: 23/66 MP: 8/8
   189 | D        | Reached XP level 7. HP: 25/72 MP: 9/9
   195 | D        | Killed a draconian
   195 | D        | Reached skill level 12 in Axes
   195 | D        | Reached skill level 10 in Armour
   200 | D        | Killed a draconian
   200 | D        | Reached skill level 13 in Axes
   200 | D        | Reached XP level 8. HP: 49/85 MP: 10/10
   207 | D        | Killed a draconian
   207 | D        | Reached skill level 14 in Axes
   287 | D        | Entered arena 6.
   287 | D        | Found a transporter.
   292 | D        | Reached **** piety under Makhleb
   300 | D        | Reached skill level 5 in Evocations
   342 | D        | Entered arena 7.
   342 | D        | Noticed a merfolk
   342 | D        | Noticed a merfolk
   342 | D        | Noticed a merfolk
   342 | D        | Noticed a merfolk
   342 | D        | Noticed a merfolk
   347 | D        | Found a transporter.
   352 | D        | Killed a merfolk
   352 | D        | Reached ***** piety under Makhleb
   352 | D        | Gained mutation: You passively map the area around you. [Deep Dwarf growth]
   352 | D        | Reached XP level 9. HP: 91/91 MP: 12/12
   354 | D        | Reached skill level 15 in Axes
   356 | D        | Killed a merfolk
   356 | D        | Reached skill level 5 in Crossbows
   360 | D        | Killed a merfolk
   360 | D        | Killed a merfolk
   370 | D        | Killed a merfolk
   370 | D        | Reached skill level 16 in Axes
   383 | D        | Got the ring "Boqury" {MP+9 Int+5}
   401 | D        | Learned a level 2 spell: Song of Slaying
   403 | D        | Learned a level 1 spell: Summon Butterflies
   407 | D        | Learned a level 2 spell: Shroud of Golubria
   414 | D        | Entered arena 8.
   414 | D        | Noticed a toenail golem
   415 | D        | Found the brooch of Shielding {Reflect SH+8}
   431 | D        | Killed a toenail golem
   432 | D        | Reached ****** piety under Makhleb
   440 | D        | Found a transporter.
   486 | D        | Entered arena 9.
   486 | D        | Noticed a tentacled starspawn
   487 | D        | Found a transporter.
   492 | D        | Reached skill level 5 in Charms
   499 | D        | Killed a tentacled starspawn
   499 | D        | Reached skill level 17 in Axes
   499 | D        | Reached XP level 10. HP: 99/99 MP: 13/13
   561 | D        | Entered arena 10.
   563 | D        | Found a transporter.
   602 | D        | Entered arena 11.
   602 | D        | Noticed a mummy priest
   602 | D        | Noticed a death scarab
   603 | D        | Found a transporter.
   610 | D        | Killed a death scarab
   610 | D        | Reached skill level 10 in Fighting
   610 | D        | Reached skill level 18 in Axes
   616 | D        | Killed a mummy priest
   645 | D        | Identified the Incunabulum of Harmful Displacement (You found it in the Dungeon)
   649 | D        | Entered arena 12.
   649 | D        | Noticed an orc knight
   649 | D        | Noticed an orc warlord
   651 | D        | Noticed an orc knight
   651 | D        | Noticed an orc sorcerer
   652 | D        | Found a transporter.
   655 | D        | Reached XP level 11. HP: 69/110 MP: 14/14
   661 | D        | Killed an orc warlord
   661 | D        | Reached skill level 19 in Axes
   661 | D        | Killed an orc knight
   662 | D        | Killed an orc sorcerer
   669 | D        | Killed an orc knight
   708 | D        | Learned a level 7 spell: Ring of Flames
   737 | D        | Entered arena 13.
   737 | D        | Noticed a deep elf mage
   737 | D        | Noticed an orc sorcerer
   737 | D        | Noticed a halberd of protection
   737 | D        | Noticed a deep elf master archer
   737 | D        | Noticed a deep elf annihilator
   738 | D        | Noticed a deep elf elementalist
   738 | D        | Noticed a deep elf high priest
   738 | D        | Noticed a deep elf high priest
   738 | D        | Noticed a deep elf master archer
   738 | D        | Noticed a deep elf knight
   740 | D        | Found a transporter.
   744 | D        | Killed a deep elf high priest
   746 | D        | Killed a deep elf master archer
   746 | D        | Reached skill level 20 in Axes
   746 | D        | Killed a deep elf elementalist
   746 | D        | Reached skill level 21 in Axes
   747 | D        | Killed a deep elf master archer
   747 | D        | Reached skill level 22 in Axes
   747 | D        | Reached XP level 12. HP: 98/122 MP: 15/15
   749 | D        | Killed a deep elf high priest
   749 | D        | Reached skill level 23 in Axes
   754 | D        | Killed a deep elf annihilator
   761 | D        | Got the ring of the Nine Wars {EV+5 Int+4 SInv}
   784 | D        | Entered arena 14.
   785 | D        | Noticed a frost giant
   785 | D        | Noticed a stone giant
   785 | D        | Noticed a two-headed ogre
   786 | D        | Noticed a two-headed ogre
   786 | D        | Noticed a frost giant
   787 | D        | Noticed a two-headed ogre
   793 | D        | Killed a two-headed ogre
   797 | D        | Killed a frost giant
   797 | D        | Reached skill level 24 in Axes
   800 | D        | Killed a two-headed ogre
   800 | D        | Killed a two-headed ogre
   804 | D        | Noticed a stone giant
   804 | D        | Killed a frost giant
   804 | D        | Reached skill level 25 in Axes
   805 | D        | Killed a stone giant
   810 | D        | Killed a stone giant
   811 | D        | Reached skill level 26 in Axes
   815 | D        | Found a transporter.
   831 | D        | Entered arena 15.
   832 | D        | Noticed a merfolk javelineer
   832 | D        | Noticed a merfolk javelineer
   833 | D        | Noticed a satyr
   833 | D        | Noticed a merfolk impaler
   834 | D        | Found a transporter.
   842 | D        | Killed a satyr
   842 | D        | Reached XP level 13. HP: 128/128 MP: 16/16
   847 | D        | Killed a merfolk impaler
   847 | D        | Killed a merfolk javelineer
   852 | D        | Killed a merfolk javelineer
   852 | D        | Reached skill level 27 in Axes
   862 | D        | Got the ring of Greed {rPois Int+7}
   896 | D        | Entered arena 16.
   899 | D        | Found the +9 staff of Wucad Mu {channel}
   899 | D        | Found the +8 whip "Snakebite" {curare, rPois}
   929 | D        | Found a transporter.
   935 | D        | Got the ring of Iffod {Fire rElec rN++ Int+2 SInv}
   956 | D        | Learned a level 3 spell: Ignite Poison
   968 | D        | Entered arena 17.
   972 | D        | Found the +0 mask of the Dragon {MR+ Slay+3 SInv}
   992 | D        | Reached skill level 5 in Spellcasting
  1008 | D        | Found a transporter.
  1075 | D        | Entered arena 18.
  1078 | D        | Noticed an azure jelly
  1078 | D        | Noticed an azure jelly
  1078 | D        | Noticed an acid blob
  1078 | D        | Noticed a death ooze
  1096 | D        | Killed an azure jelly
  1098 | D        | Killed an azure jelly
  1099 | D        | Killed a death ooze
  1102 | D        | Killed an acid blob
  1116 | D        | Noticed a death ooze
  1117 | D        | Found the ring of the Octopus King {rF+ AC+1 EV+1 Str+1 Int+1 Dex+1}
  1117 | D        | Found a transporter.
  1127 | D        | Killed a death ooze
  1147 | D        | Got a ring of the Octopus King {rF+ AC+1 EV+1 Str+1 Int+1 Dex+1}
  1280 | D        | Entered arena 19.
  1283 | D        | Noticed a quicksilver dragon
  1283 | D        | Noticed a quicksilver dragon
  1283 | D        | Noticed an iron dragon
  1283 | D        | Noticed a crystal guardian
  1283 | D        | Noticed a quicksilver dragon
  1284 | D        | Noticed a quicksilver dragon
  1284 | D        | Noticed a stone giant
  1284 | D        | Noticed a crystal guardian
  1287 | D        | Noticed an iron dragon
  1288 | D        | Noticed a quicksilver dragon
  1296 | D        | Killed a quicksilver dragon
  1296 | D        | Gained mutation: You resist negative energy. (rN+) [Deep Dwarf growth]
  1296 | D        | Reached XP level 14. HP: 52/139 MP: 22/22
  1296 | D        | Killed a quicksilver dragon
  1302 | D        | Killed a quicksilver dragon
  1302 | D        | Killed a quicksilver dragon
  1320 | D        | Killed an iron dragon
  1323 | D        | Killed an iron dragon
  1325 | D        | Killed a quicksilver dragon
  1331 | D        | Killed a stone giant
  1353 | D        | Found a transporter.
  1383 | D        | Learned a level 5 spell: Silence
  1386 | D        | Entered arena 20.
  1395 | D        | Reached skill level 1 in Maces & Flails
  1396 | D        | Reached skill level 15 in Armour
  1411 | D        | Found a transporter.
  1438 | D        | Identified Zacwushy's Reference Book on the Hurtful Entourage (You found it in the Dungeon)
  1440 | D        | Identified the Grimoire of Earthen Curses (You found it in the Dungeon)
  1448 | D        | Learned a level 2 spell: Blink
  1465 | D        | Entered arena 21.
  1475 | D        | Reached skill level 1 in Translocations
  1486 | D        | Noticed an acid blob
  1499 | D        | Killed an acid blob
  1500 | D        | Noticed an acid blob
  1502 | D        | Reached XP level 15. HP: 151/151 MP: 24/26
  1506 | D        | Noticed an azure jelly
  1510 | D        | Reached skill level 5 in Translocations
  1513 | D        | Killed an acid blob
  1515 | D        | Killed an azure jelly
  1516 | D        | Found a transporter.
  1516 | D        | Gained mutation: Your spells are a little easier to cast, but a little less powerful. [a shining eye]
  1519 | D        | Gained mutation: You expend magic power (3 MP) to strengthen your wands. [a shining eye]
  1534 | D        | Noticed an acid blob
  1537 | D        | Noticed an azure jelly
  1551 | D        | Killed an acid blob
  1591 | D        | Killed an azure jelly
  1596 | D        | Noticed an acid blob
  1599 | D        | Killed an acid blob
  1599 | D        | Reached skill level 15 in Fighting
  1600 | D        | Noticed an azure jelly
  1603 | D        | Killed an azure jelly
  1603 | D        | Reached skill level 10 in Spellcasting
  1647 | D        | Got the ring "Boez" {Wiz Str+3 Dex+2}
  1684 | D        | Learned a level 6 spell: Deflect Missiles
  1687 | D        | Entered arena 22.
  1739 | D        | Noticed a ghost moth
  1750 | D        | Killed a ghost moth
  1791 | D        | Found a transporter.
  1799 | D        | Got the ring "Gexeddu" {*Corrode rElec Str+3 Slay+3 Stlth-}
  1833 | D        | Identified the Volume of Venomous Augmentations (You found it in the Dungeon)
  1852 | D        | Learned a level 8 spell: Death's Door
  1852 | D        | Entered arena 23.
  1858 | D        | Reached skill level 1 in Necromancy
  1867 | D        | Noticed a bone dragon
  1869 | D        | Noticed a tentacled starspawn
  1871 | D        | Noticed a tentacled starspawn
  1879 | D        | Found the +7 great mace "Undeadhunter" {disrupt, rN+}
  1884 | D        | Killed a tentacled starspawn
  1885 | D        | Killed a tentacled starspawn
  1885 | D        | Reached skill level 5 in Necromancy
  1888 | D        | Killed a bone dragon
  1897 | D        | Noticed Vahuly the pandemonium lord
  1916 | D        | Killed Vahuly the pandemonium lord
  1916 | D        | Reached XP level 16. HP: 46/169 MP: 29/33
  1938 | D        | Found a transporter.
  1939 | D        | Got the ring of Mossext {*Contam Int+7 Stlth-}
  2017 | D        | Entered arena 24.
  2027 | D        | Noticed a deep elf blademaster
  2027 | D        | Noticed a deep elf blademaster
  2027 | D        | Noticed a deep elf blademaster
  2028 | D        | Noticed a deep elf master archer
  2038 | D        | Killed a deep elf blademaster
  2043 | D        | Killed a deep elf blademaster
  2049 | D        | Reached skill level 10 in Necromancy
  2049 | D        | Killed a deep elf blademaster
  2053 | D        | Killed a deep elf master archer
  2065 | D        | Noticed a deep elf master archer
  2065 | D        | Noticed a deep elf blademaster
  2079 | D        | Killed a deep elf blademaster
  2080 | D        | Killed a deep elf master archer
  2080 | D        | Reached skill level 15 in Spellcasting
  2089 | D        | Noticed an Executioner
  2135 | D        | Found the +7 sceptre of Torment
  2135 | D        | Found a transporter.
  2193 | D        | Learned a level 8 spell: Necromutation
  2209 | D        | Entered arena 25.
  2238 | D        | Reached skill level 15 in Necromancy
  2265 | D        | Found the +4 arc blade {discharge, rElec}
  2265 | D        | Found the +8 demon blade "Bloodbane" {slice, *Rage +Rage Stlth-}
  2285 | D        | Reached skill level 10 in Charms
  2307 | D        | Noticed an acid blob
  2307 | D        | Noticed an acid blob
  2308 | D        | Found the ring of Robustness {AC+8}
  2310 | D        | Reached XP level 17. HP: 181/181 MP: 37/37
  2315 | D        | Killed an acid blob
  2320 | D        | Killed an acid blob
  2327 | D        | Noticed an acid blob
  2328 | D        | Found a transporter.
  2337 | D        | Killed an acid blob
  2347 | D        | Noticed an acid blob
  2362 | D        | HP: 8/181 [acid blob/splash of acid (5)]
  2362 | D        | Splashed by an acid blob's acid

Skill      XL: |  1  2  3  4  5  6  7  8  9 10 11 12 13 14 15 16 17 |
---------------+----------------------------------------------------+-----
Axes           | 8 9 11 13 14 17 18 22 26 27 | 27.0
Fighting       | 3 7 9 10 11 12 14 17 19 | 19.5
Armour         | 3 8 10 12 13 14 16 20 | 20.1
Evocations     | 5 |  5.1
Crossbows      | 3 7 18 23 25 | 25.4
Charms         | 8 11 13 | 13.0
Spellcasting   | 5 7 13 16 17 | 17.7
Dodging        | 4 |  4.8
Maces & Flails | 4 |  4.6
Translocations | 4 9 |  9.4
Necromancy     | 8 16 18 | 18.1

Action                   |  1- 3 |  4- 6 |  7- 9 | 10-12 | 13-15 | 16-18 || total
-------------------------+-------+-------+-------+-------+-------+-------++-------
Melee: Broad axe         |     7 |    23 |    71 |       |       |       ||   101
       Executioner's axe |       |       |       |    76 |   298 |   140 ||   514
 Fire: Heavy crossbow    |       |       |     2 |       |    26 |    20 ||    48
 Cast: Song of Slaying   |       |       |       |       |     1 |     3 ||     4
       Blink             |       |       |       |       |       |     1 ||     1
 Abil: Evoke Berserk Rag |       |       |     4 |     3 |     4 |       ||    11
Evoke: Box of beasts     |       |       |       |       |     2 |     2 ||     4
  Use: Potion            |     1 |       |     1 |     7 |     5 |     2 ||    16
       Scroll            |       |       |     1 |     5 |     5 |       ||    11
 Stab: Invisible         |       |       |       |     6 |     1 |       ||     7
  Eat: Ration            |       |       |     1 |     1 |     1 |       ||     3
       Chunk             |       |       |     1 |       |     5 |       ||     6
Armor: Plate armour      |     5 |    27 |    67 |    51 |   103 |       ||   253
       Crystal plate arm |       |       |       |       |   127 |   111 ||   238
Dodge: Dodged            |     5 |     3 |    38 |    51 |   208 |    80 ||   385
Block: Other             |       |       |       |       |    76 |    48 ||   124
       Reflection        |       |       |       |       |       |     6 ||     6
